 Dungeon Crawl Stone Soup version 0.31-a0-1161-g593ecc8 (webtiles) character file.

Game seed: 1701940722366408232

2172488 Kearsarge the Acrobat (level 24, 152/210 HPs)
             Began as a Merfolk Fighter on Dec 8, 2023.
             Was an Initiate of Gozag.
             Escaped with the Orb
             ... and 3 runes!
             The game lasted 00:58:55 (39032 turns).

Kearsarge the Acrobat (Merfolk Fighter)            Turns: 39032, Time: 00:58:56

Health: 152/210    AC: 12    Str: 20    XL:     24   Next: 36%
Magic:  20/20      EV: 51    Int: 18    God:    Gozag
Gold:   1695       SH:  0    Dex: 19    Spells: 23/23 levels left

rFire   + + .        E - melded +10 demon trident "Wachixya" {flame, rN+ Will+}
rCold   + + +        I - melded +3 buckler of Leapfrog {Dex+2}
rNeg    + + .        w - melded +0 steam dragon scales
rPois   ∞            (helmet currently unavailable)
rElec   +            F - melded scarf {repulsion}
rCorr   +            x - melded +1 pair of gloves {infuse}
SInv    .            (boots currently unavailable)
Will    ++...        v - amulet of Ureifo Uno {Faith rF++ rC+ Will+ Int+3}
Stlth   +            W - ring "Bueck" {rC+ rCorr}
HPRegen 0.55/turn    S - ring "Lotig" {rC+ rN++ Int+6 Dex+4}
MPRegen 0.17/turn

%: faith
@: storm-form, flying, studying 2 skills
A: cleaving, insubstantial, flying, (nimble swimmer 2), (mertail), clumsy 1,
(deformed body), low MP 1, weak 1
0: Orb of Zot
}: 3/15 runes: serpentine, barnacled, silver
a: Blinkbolt, Begin Untransformation, Renounce Religion, Potion Petition, Call
Merchant, Bribe Branch


You escaped.
You worshipped Gozag.
Gozag was most pleased with you.
You were a lightning-filled tempest!
You visited 10 branches of the dungeon, and saw 48 of its levels.
You also visited: Sewer and Desolation.

You collected 20874 gold pieces.
You spent 2347 gold pieces at shops.
You paid 16832 gold pieces to Gozag.

Inventory:

Hand Weapons
 E - the +10 demon trident "Wachixya" (melded) {flame, rN+ Will+}
   (You bought it in a shop on level 10 of the Dungeon)

   rN+:       It protects you from negative energy.
   Will+:     It increases your willpower.
Missiles
 t - 28 curare-tipped darts
Armour
 w - +0 steam dragon scales (melded)
 x - a +1 pair of gloves of infusion (melded)
 F - a scarf of repulsion (melded)
 I - the +3 buckler of Leapfrog (melded) {Dex+2}
   (You took it off a gnoll sergeant on level 8 of the Dungeon)

   Dex+2:     It affects your dexterity (+2).
Jewellery
 g - the ring "Ihezen" {Ice Will++ rCorr Str+2 Int+3}
   (You took it off Josephina on level 4 of the Depths)

   [ring of ice]

   Ice:       It enhances your ice magic.
   Str+2:     It affects your strength (+2).
   Int+3:     It affects your intelligence (+3).
   rF-:       It makes you vulnerable to fire.
   rC+:       It protects you from cold.
   Will++:    It greatly increases your willpower.
   rCorr:     It protects you from acid and corrosion.
 v - the amulet of Ureifo Uno (around neck) {Faith rF++ rC+ Will+ Int+3}
   (You took it off an orc on level 7 of the Dungeon)

   [amulet of faith]

   Faith:     It allows you to gain divine favour quickly.
   Int+3:     It affects your intelligence (+3).
   rF++:      It greatly protects you from fire.
   rC+:       It protects you from cold.
   Will+:     It increases your willpower.
 O - the ring "Kacvin Saa" {rF+ Str+3 Dex+6}
   (You took it off a deep elf high priest on level 3 of the Elven Halls)

   [ring of dexterity]

   Str+3:     It affects your strength (+3).
   Dex+6:     It affects your dexterity (+6).
   rF+:       It protects you from fire.
 S - the ring "Lotig" (right fist) {rC+ rN++ Int+6 Dex+4}
   (You bought it in a shop on level 1 of the Lair of Beasts)

   [ring of intelligence]

   Int+6:     It affects your intelligence (+6).
   Dex+4:     It affects your dexterity (+4).
   rC+:       It protects you from cold.
   rN++:      It greatly protects you from negative energy.
 V - the ring "Neadinem" {rC+ Str+2}
   (You found it on level 15 of the Dungeon)

   [ring of protection from cold]

   Str+2:     It affects your strength (+2).
   rC+:       It protects you from cold.
 W - the ring "Bueck" (left fist) {rC+ rCorr}
   (You found it on level 3 of the Shoals)

   [ring of resist corrosion]

   rC+:       It protects you from cold.
   rCorr:     It protects you from acid and corrosion.
 Y - the ring of Calus {MP+9 Str+3 SInv}
   (You found it in the Desolation of Salt)

   [ring of magical power]

   Str+3:     It affects your strength (+3).
   MP+9:      It affects your magic capacity (+9).
   SInv:      It lets you see invisible.
Talismans
 B - a granite talisman
 Q - a storm talisman (active)
Wands
 a - a wand of acid (17)
 c - a wand of flame (29)
 h - a wand of charming (40)
 A - a wand of mindburst (16)
 C - a wand of polymorph (36)
 M - a wand of roots (22)
Scrolls
 d - a scroll of brand weapon
 e - 5 scrolls of fog
 m - 7 scrolls of identify
 n - 7 scrolls of poison
 s - 3 scrolls of vulnerability
 u - 5 scrolls of enchant weapon
 y - 3 scrolls of torment
 z - 7 scrolls of enchant armour
 J - 10 scrolls of teleportation
 K - 2 scrolls of fear
 L - 3 scrolls of amnesia
 R - 2 scrolls of butterflies
 U - 2 scrolls of immolation
Potions
 b - a potion of magic
 f - 7 potions of brilliance
 i - 13 potions of curing
 k - 3 potions of ambrosia
 l - 2 potions of might
 o - 9 potions of attraction
 p - 5 potions of enlightenment
 q - 8 potions of mutation
 r - 5 potions of lignification
 G - a potion of cancellation {unknown}
 H - 2 potions of resistance
 T - 2 potions of heal wounds
 X - a potion of invisibility
Miscellaneous
 D - a condenser vane
 P - a box of beasts
 Z - a lightning rod (4/4)


   Skills:
 + Level 21.8 Fighting
 - Level 20.8 Polearms
 - Level 2.1 Armour
 - Level 26.9 Dodging
 - Level 3.0 Shields
 * Level 21.5 Unarmed Combat
 - Level 23.2 Shapeshifting


You had 23 spell levels left.
You didn't know any spells.
Your spell library contained the following spells:

 Spells                   Type           Power      Damage    Failure   Level
 Apportation              Tloc           0%         N/A       22%         1
 Foxfire                  Conj/Fire      0%         2x1d4     22%         1
 Kiss of Death            Conj/Necr      0%         2d5       22%         1
 Shock                    Conj/Air       0%         1d3       22%         1
 Slow                     Hex            0%         N/A       22%         1
 Sting                    Tmut/Pois      0%         1d3       22%         1
 Blink                    Tloc           0%         N/A       32%         2
 Call Imp                 Summ           0%         N/A       32%         2
 Cigotuvi's Dreadful Rot  Necr/Pois/Air  0%         N/A       32%         2
 Jinxbite                 Hex            0%         N/A       32%         2
 Lesser Beckoning         Tloc           0%         N/A       32%         2
 Momentum Strike          Conj/Tloc      0%         3d8       32%         2
 Poisonous Vapours        Pois/Air       0%         N/A       32%         2
 Wereblood                Tmut           0%         N/A       32%         2
 Call Canine Familiar     Summ           0%         N/A       54%         3
 Confusing Touch          Hex            0%         N/A       54%         3
 Dazzling Flash           Conj/Hex       0%         N/A       54%         3
 Gell's Gravitas          Tloc           0%         N/A       54%         3
 Ignite Poison            Fire/Tmut/Pois 0%         N/A       54%         3
 Mephitic Cloud           Conj/Pois/Air  0%         N/A       54%         3
 Sigil of Binding         Hex            0%         N/A       54%         3
 Summon Guardian Golem    Hex/Summ       0%         N/A       54%         3
 Swiftness                Air            0%         N/A       54%         3
 Teleport Other           Tloc           0%         N/A       54%         3
 Tukima's Dance           Hex            0%         N/A       54%         3
 Vampiric Draining        Necr           0%         2d6       54%         3
 Volatile Blastmotes      Fire/Tloc      0%         2d10      54%         3
 Airstrike                Air            0%         2d(0-16)  91%         4
 Animate Armour           Summ/Erth      0%         N/A       91%         4
 Brom's Barrelling Bould  Conj/Erth      0%         2d3       91%         4
 Cause Fear               Hex            0%         N/A       91%         4
 Dispel Undead            Necr           0%         3d6       91%         4
 Fulminant Prism          Conj/Hex       0%         3d5       91%         4
 Iskenderun's Mystic Bla  Conj/Tloc      0%         2d3       91%         4
 Manifold Assault         Tloc           0%         N/A       91%         4
 Olgreb's Toxic Radiance  Pois           0%         N/A       91%         4
 Passage of Golubria      Tloc           0%         N/A       91%         4
 Petrify                  Tmut/Erth      0%         N/A       91%         4
 Sticky Flame             Conj/Fire      0%         2d3       91%         4
 Summon Ice Beast         Ice/Summ       0%         N/A       91%         4
 Agony                    Necr           0%         N/A       99%         5
 Alistair's Intoxication  Tmut/Pois      0%         N/A       99%         5
 Fireball                 Conj/Fire      0%         3d3       99%         5
 Freezing Cloud           Conj/Ice/Air   0%         6-21      99%         5
 Irradiate                Conj/Tmut      0%         3d11      99%         5
 Iskenderun's Battlesphe  Conj           0%         2d6       99%         5
 Silence                  Hex/Air        0%         N/A       99%         5
 Summon Mana Viper        Hex/Summ       0%         N/A       99%         5
 Bombard                  Conj/Erth      0%         9d1       100%        6
 Conjure Ball Lightning   Conj/Air       0%         3x3d6     100%        6
 Death Channel            Necr           0%         N/A       100%        6
 Dispersal                Tloc           0%         N/A       100%        6
 Summon Cactus Giant      Summ           0%         N/A       100%        6
 Haunt                    Necr/Summ      0%         N/A       100%        7
 Orb of Destruction       Conj           0%         9d5       100%        7
 Ozocubu's Refrigeration  Ice            0%         4d7       100%        7
 Spellforged Servitor     Conj/Summ      0%         N/A       100%        7
 Summon Hydra             Summ           0%         N/A       100%        7
 Discord                  Hex            0%         N/A       100%        8
 Disjunction              Tloc           0%         N/A       100%        8
 Ignition                 Fire           0%         3d3       100%        8
 Lehudib's Crystal Spear  Conj/Erth      0%         10d2      100%        8
 Chain Lightning          Conj/Air       0%         N/A       100%        9
 Dragon's Call            Summ           0%         N/A       100%        9
 Polar Vortex             Ice            0%         N/A       100%        9
 Sublimation of Blood     Necr           Unusable   N/A       N/A         2
 Simulacrum               Ice/Necr       Unusable   N/A       N/A         6

Dungeon Overview and Level Annotations

Branches:
Dungeon (15/15)            Temple (1/1) D:7            Lair (5/5) D:9
 Shoals (4/4) Lair:2        Snake (4/4) Lair:2        Slime (0/5) Lair:5
    Orc (2/2) D:11            Elf (3/3) Orc:2        Vaults (5/5) D:13
  Crypt (0/3) Vaults:3     Depths (4/4) D:15            Zot (5/5) Depths:4
  Sewer (visited)         Desolation (visited)

Altars:
Ashenzari
Cheibriados
Dithmenos
Elyvilon
Fedhas
Gozag
Hepliaklqana
Kikubaaqudgha
Makhleb
Nemelex Xobeh
Okawaru
Qazlal
Ru
Sif Muna
Trog
Uskayaw
Vehumet
Wu Jian
Xom
Yredelemnul
Zin
The Shining One
Jiyva

Shops:
D:4 =   D:10 (   D:12 (   D:14 *[   Orc:2 ([[(   Elf:1 (   Lair:1 =   Lair:2 [
Lair:4 *   Shoals:1 *   Shoals:3 (   Snake:3 :   Snake:4 *   Vaults:3 *
Vaults:5 ?

Portals:
Hell: Depths:3
Abyss: Depths:3 Depths:4
Ziggurat: Depths:3

Annotations:
D:3 1 runed translucent door, dontdoit's ghost, amateur MfDe
D:9 3 runed translucent doors
Elf:2 3 runed translucent doors
Zot:5 1 transporter


Innate Abilities, Weirdness & Mutations

You are a lightning-filled tempest!
Your electrical attacks strike out in all directions at once.
You are incredibly evasive.
Your insubstantial body is immune to petrification, constriction, and being set on fire You are flying.
Your armour is entirely melded.
You are incapable of wielding weapons or throwing items.
You are immune to poison.
((You are very nimble when in or above water. (Stealth+, EV+, Speed+++)))
((Your lower body shifts to a powerful aquatic tail in water.))
You are clumsy. (Dex -2)
((Armour fits poorly on your strangely shaped body.))
Your magical capacity is low. (-10% MP)
You are weak. (Str -2)


Message History

You feel the Orb delaying your translocation!
A sixfirhy comes into view.
A sixfirhy is nearby!
A cacodemon comes into view.
The sixfirhy completely misses you. x2
You hit the sixfirhy.
The sixfirhy is lightly wounded.
The sixfirhy completely misses you. x2
You blast the sixfirhy!!!
The sixfirhy is almost dead.
The sixfirhy hits you but does no damage.
The sixfirhy completely misses you.
The cacodemon gestures at the rock wall.
Some rock shatters into small pieces.
You batter the sixfirhy!!
You kill the sixfirhy!
You see here 5 gold pieces.
You blast the cacodemon!!!
Your punch misses the cacodemon.
The cacodemon is heavily wounded.
The cacodemon gestures at you. You resist with almost no effort.
You batter the cacodemon!!
You punch the cacodemon, but do no damage.
The cacodemon is severely wounded.
The cacodemon hits you! The cacodemon completely misses you.
You blast the cacodemon!!!
You kill the cacodemon!
No target in view!
No target in view!
You start resting.
Your surroundings suddenly seem different.
A ynoxinul comes into view.
Blink to where?
Press: ? - help, Q - select action, (/) - cycle Dir - move target
As you read the scroll of blinking, it crumbles to dust.
There is a large open door here.
There is a large open door here.
There is a large open door here.
There is a staircase leading out of the dungeon here.
You have escaped!

#...≈≈≈≈≈≈≈≈≈≈≈≈≈≈≈≈≈≈≈≈≈≈~...##
#...~≈≈≈≈≈≈≈≈≈≈≈≈≈≈≈≈≈≈≈≈≈~...#
#...≈≈≈#+#+#≈≈≈≈≈≈≈#+#+#≈≈~...#
##...~≈≈+>..##'###+##...'≈≈~...#
.#...~≈≈+...'.......+...'≈≈~...#
.#...~≈≈#+###.#####.###+#≈~~...#
.#...~≈≈≈≈+...#...#...#~≈≈~....#
.#..(≈≈≈≈≈#.###...'.⌠.+≈~~..⌠..##
.#.[.≈≈≈≈≈#.###.v.'.⌠.+~~~..⌠....
.#...~≈≈≈≈'...#...#...#≈≈≈~......
.....~≈≈#'###.#####.#+#'#≈≈~.....
.....~~≈+...#.......#...+≈≈≈.....
†#...~≈≈+(..##'###'##...+≈≈~.....
.#...≈≈≈#'#+#≈≈≈≈≈≈≈#'#+#≈≈~.....
.#...≈≈≈≈≈≈≈≈≈≈≈≈≈≈≈≈≈≈≈≈≈≈~.....
.#...≈≈≈≈≈≈≈≈≈≈≈≈≈≈≈≈≈≈≈≈≈≈~.....
.#...~~~~~~≈~~~~≈~~~~~~~~~≈~.....


There were no monsters in sight!

Vanquished Creatures
  A pandemonium lord (D:8)
  A dread lich (Vaults:5)
  2 orbs of fire
  Josephina (Depths:4)
  3 Killer Klowns (Zot:5)
  2 curse toes
  Saint Roka (Orc:2)
  Vashnia (Snake:4)
  3 golden dragons
  Norris (Elf:2)
  A bone dragon (Zot:4)
  A Brimstone Fiend (Zot:1)
  5 tentacled monstrosities
  Zenata (Vaults:1)
  8 Orb Guardians
  Jorgrun (D:13)
  A deep elf blademaster (Elf:3)
  A titan (Depths:3)
  4 quicksilver dragons
  A deep elf master archer (Elf:3)
  A sphinx (Depths:4)
  2 krakens (Shoals:3)
  2 death cobs (Zot:4)
  3 shadow dragons
  2 storm dragons
  4 draconian monks
  Aizul (Snake:3)
  A tengu reaver (Vaults:4)
  3 draconian knights
  3 fire giants
  2 ghost moths
  4 frost giants
  2 iron dragons (Zot:4)
  4 imperial myrmidons (Desolation)
  6 deep elf elementalists
  5 vault wardens
  2 draconian scorchers
  4 deep elf sorcerers (Elf:3)
  4 draconian shifters
  9 ironbound preservers
  2 orc warlords
  2 draconian annihilators
  A draconian stormcaller (Zot:5)
  A cacodemon (D:1)
  2 war gargoyles (Vaults:3)
  Nessos (D:13)
  A juggernaut skeleton (Depths:1)
  12 very ugly things
  4 stone giants
  A spriggan defender (Depths:3)
  6 deep elf demonologists
  A formless jellyfish (Shoals:3)
  10 white draconians
  2 red draconians
  5 black draconians
  2 green draconians
  9 deep elf annihilators
  A purple draconian (Zot:1)
  A halazid warlock (Desolation)
  A minotaur (D:14)
  The ghost of Alixiyti the Severer, a journeyman HOFi of Beogh (Shoals:3)
  Azrael (Snake:2)
  2 yellow draconians
  A blizzard demon (D:14)
  3 dire elephants (Vaults:4)
  4 deep elf death magi (Elf:3)
  2 ettins
  2 merfolk javelineers (Shoals:4)
  3 merfolk impalers (Shoals:4)
  11 fire dragons
  2 jiangshi (Depths:4)
  9 ragged hierophants (Desolation)
  9 yaktaur captains
  8 deep elf high priests
  6 peacekeepers
  A rakshasa (Depths:3)
  3 great orbs of eyes (Vaults:4)
  5 ice dragons
  7 hydras
  12 vault guards
  5 servants of whispers (Desolation)
  3 salamander tyrants
  A caustic shrike simulacrum (Depths:4)
  2 merfolk avatars
  An ogre mage (Vaults:5)
  An ironbound frostheart (Vaults:1)
  4 two-headed ogres
  4 merfolk aquamancers
  9 anacondas
  5 centaur warriors
  A two-headed ogre (shapeshifter) (Depths:4)
  3 deep troll shamans
  2 satyrs (Shoals:3)
  10 death yaks
  17 dancing weapons
  6 tengu warriors
  The ghost of dhlexpress the Unseen, a journeyman SpEn of Gozag (D:13)
  3 boulder beetles
  14 naga warriors
  3 vampire magi
  15 shock serpents
  The ghost of PiratePeteNZ the Cleaver, a novice MiMo of the Shining One (D:8)
  9 naga sharpshooters
  4 spriggan berserkers
  11 deep troll earth magi
  Urug (D:13)
  3 orc high priests
  An occultist (Depths:1)
  17 deep elf knights
  A soul eater (D:8)
  A sun demon (D:8)
  A sixfirhy (D:1)
  Sonja (Lair:3)
  7 iron trolls
  7 skysharks
  4 salamander mystics
  3 skeletal warriors (D:12)
  Lodul (D:12)
  A spriggan simulacrum (Depths:4)
  13 sea snakes
  12 naga ritualists
  8 deep elf archers
  A shadow demon (D:8)
  A glowing orange brain (Depths:4)
  2 arcanists
  33 deep trolls
  Pikel (D:6)
  6 lindwurms
  A phantasmal warrior (Vaults:5)
  19 ironbound convokers
  6 orc knights
  29 deep elf zephyrmancers
  15 mana vipers
  13 harpies
  29 deep elf pyromancers
  4 orc sorcerers
  A necromancer (Depths:1)
  15 salamanders
  26 ugly things
  A wolf spider (Vaults:5)
  10 moths of wrath
  7 manticores
  7 fauns
  13 elephants
  A toenail golem (D:8)
  A rust devil (D:6)
  5 cyclopes
  An eye of devastation (shapeshifter) (Vaults:5)
  9 merfolk sirens
  51 black mambas
  18 guardian serpents
  A gargoyle (D:12)
  6 kobold blastminers (Orc:2)
  Joseph (D:8)
  A molten gargoyle (Desolation)
  2 water nymphs
  17 cane toads
  2 torpor snails (Lair:5)
  5 vault sentinels
  12 naga magi
  Jeremiah (Lair:1)
  A smoke demon (Zot:1)
  A storm dragon simulacrum (Depths:4)
  A torpor snail (shapeshifter) (Depths:3)
  2 unseen horrors
  2 kobold demonologists
  Psyche (D:11)
  3 rime drakes
  16 yaktaurs
  A tormentor (Zot:5)
  2 efreet
  10 komodo dragons
  16 merfolk
  6 meliai (D:15)
  2 freezing wraiths (D:14)
  A spriggan skeleton (Depths:1)
  4 wind drakes
  7 polar bears
  7 trolls
  73 saltlings (Desolation)
  A polar bear (shapeshifter) (Depths:3)
  A hornet (shapeshifter) (Vaults:5)
  19 blink frogs
  10 dream sheep
  11 hornets
  7 snapping turtles
  16 slime creatures
  A shadow (D:9)
  15 spriggans
  Sigmund (D:4)
  2 air elementals
  6 wyverns
  13 water elementals
  4 fire elementals
  79 yaks
  A basilisk (shapeshifter) (D:15)
  A basilisk (Lair:1)
  A steam dragon (D:7)
  15 humans
  5 vampire mosquitoes
  A warg (Orc:2)
  40 nagas
  Duvessa (D:6)
  15 water moccasins
  4 acid dragons
  5 hell hounds (Snake:2)
  A meliai simulacrum (D:15)
  2 sky beasts
  A glowing shapeshifter skeleton (Depths:1)
  42 orc warriors
  3 black bears
  6 centaurs
  38 wolves
  8 boggarts
  13 ogres
  A lemure (D:6)
  3 phantoms
  6 kobold brigands
  14 bullfrogs
  6 gnoll sergeants
  2 earth elementals
  2 scorpions
  A glowing shapeshifter simulacrum (Depths:4)
  4 wights (D:8)
  Dowan (D:6)
  23 killer bees
  A vampire bat (Orc:2)
  3 electric eels
  8 howler monkeys
  2 jellies (D:7)
  23 orc priests
  7 hounds
  3 gnoll boudas (D:8)
  Terence (D:3)
  5 iguanas
  A hell rat (Lair:5)
  29 orc wizards
  6 adders
  41 gnolls
  2 river rats (Sewer)
  2 shadow imps
  4 ufetubi
  A worm (D:2)
  7 dart slugs
  121 orcs
  9 endoplasms
  5 giant cockroaches
  4 goblins
  6 hobgoblins
  2 jackals (Sewer)
  4 quokkas
  7 ball pythons
  12 bats
  2 frilled lizards (D:2)
  27 kobolds
  33 rats
  A tentacle (Shoals:3)
1839 creatures vanquished.

Vanquished Creatures (collateral kills)
  An orb of fire (Zot:5)
  4 Killer Klowns
  A golden dragon (Zot:5)
  2 tentacled monstrosities (Zot:5)
  7 Orb Guardians (Zot:5)
  A quicksilver dragon (Zot:5)
  A death cob (Zot:4)
  3 storm dragons
  2 shadow dragons
  A frost giant (Vaults:5)
  An ironbound preserver (Vaults:4)
  2 vault wardens (Vaults:5)
  A stone giant (Vaults:5)
  An entropy weaver (Vaults:4)
  3 vault guards (Vaults:5)
  A yaktaur captain (Vaults:5)
  A shadow wraith (Vaults:5)
  A deep troll (Vaults:4)
  A glowing orange brain (shapeshifter) (Vaults:5)
  A deep troll (shapeshifter) (Vaults:5)
  A glowing orange brain (Vaults:4)
  An ironbound convoker (Vaults:4)
  An arcanist (Vaults:4)
  4 vault sentinels (Vaults:4)
  2 yaktaurs (Vaults:5)
  A tarantella (shapeshifter) (Vaults:5)
  2 orcs
48 creatures vanquished.

Vanquished Creatures (others)
  4 Killer Klowns
  A curse toe (Zot:5)
  A tentacled monstrosity (Zot:5)
  12 Orb Guardians (Zot:5)
  2 titans
  A lich (Vaults:4)
  A quicksilver dragon (Vaults:5)
  2 death cobs
  A shadow dragon (Zot:4)
  A deep elf sorcerer (Elf:3)
  A draconian knight (Zot:5)
  A ghost moth (Zot:5)
  2 vault wardens (Vaults:5)
  2 ironbound preservers (Vaults:5)
  A draconian annihilator (Zot:5)
  A stone giant (Depths:1)
  A purple draconian (Zot:4)
  A minotaur (D:14)
  A black draconian (Zot:5)
  An ettin (Depths:1)
  A deep elf death mage (Vaults:5)
  3 yaktaur captains
  12 vault guards
  A tengu warrior (Depths:1)
  4 deep elf knights
  3 phantasmal warriors (Vaults:5)
  3 ironbound convokers (Vaults:5)
  A necromancer (Vaults:5)
  An orc knight (Vaults:5)
  A moth of wrath (Zot:4)
  3 yaktaurs (Vaults:5)
  A water elemental (Elf:2)
  A yak (D:14)
  A human (D:13)
  A naga (Snake:2)
  A brain worm (shapeshifter) (Depths:3)
  A gnoll (D:8)
  An orc (Vaults:5)
  A tentacle (Shoals:3)
79 creatures vanquished.

Grand Total: 1966 creatures vanquished

Notes
Turn   | Place    | Note
-------+----------+-------------------------------------------
     0 | D:1      | Kearsarge the Merfolk Fighter began the quest for the Orb.
     0 | D:1      | Reached XP level 1. HP: 18/18 MP: 1/1
   183 | D:1      | Reached XP level 2. HP: 24/24 MP: 2/2
   624 | D:2      | Reached XP level 3. HP: 30/30 MP: 3/3
  1107 | D:2      | Reached XP level 4. HP: 37/37 MP: 4/4
  1222 | D:3      | Found a runed translucent door.
  1239 | D:3      | Reached skill level 5 in Polearms
  1242 | D:3      | Noticed dontdoit's ghost (amateur MfDe)
  1361 | D:3      | Identified the +2 spear of Rytzula {drain, rF+}
  1437 | D:3      | Noticed a water moccasin
  1445 | D:3      | Killed a water moccasin
  1446 | D:3      | Reached XP level 5. HP: 20/43 MP: 5/5
  1593 | D:3      | Reached XP level 6. HP: 24/50 MP: 6/6
  1716 | D:3      | Noticed Terence
  1728 | D:3      | Killed Terence
  1729 | D:3      | Reached skill level 5 in Fighting
  2382 | D:4      | Found a glowing drain.
  2392 | D:4      | Reached XP level 7. HP: 56/56 MP: 7/7
  2399 | Sewer    | Entered a sewer
  2500 | Sewer    | Found a white marble altar of Elyvilon.
  2561 | D:4      | Found Jerirphecs's Jewellery Shop.
  2957 | D:4      | Noticed Sigmund
  2964 | D:4      | Killed Sigmund
  2965 | D:4      | Reached skill level 10 in Polearms
  2965 | D:4      | Reached XP level 8. HP: 60/65 MP: 8/8
  3096 | D:5      | Entered Level 5 of the Dungeon
  3866 | D:6      | Noticed Pikel
  3922 | D:6      | Killed Pikel
  3923 | D:6      | Reached XP level 9. HP: 36/74 MP: 9/9
  3955 | D:6      | Noticed Duvessa
  3959 | D:6      | Noticed Dowan
  3972 | D:6      | Killed Duvessa
  3980 | D:6      | Killed Dowan
  3991 | D:6      | Found a glowing golden altar of the Shining One.
  3993 | D:6      | Found a white marble altar of Elyvilon.
  4134 | D:6      | Found a hide-covered altar of Uskayaw.
  4204 | D:6      | Found a sacrificial altar of Ru.
  4207 | D:6      | Found an ornate altar of the Wu Jian Council.
  4687 | D:7      | Found a bloodstained altar of Trog.
  4835 | D:7      | Identified the amulet of Ureifo Uno {Faith rF++ rC+ Will+
                  | Int+3}
  4937 | D:7      | Found a staircase to the Ecumenical Temple.
  4979 | Temple   | Entered the Ecumenical Temple
  4986 | Temple   | Became a worshipper of Gozag Ym Sagoz the Greedy
  5049 | D:7      | Reached XP level 10. HP: 83/83 MP: 10/10
  5216 | D:7      | Identified the +1 robe of Instinct {rN+ Int+2}
  5292 | D:8      | Reached skill level 15 in Polearms
  5361 | D:8      | Noticed PiratePeteNZ's ghost (novice MiMo)
  5361 | D:8      | Identified the +5 trident "Uheclat" {chaos, rPois rF+ Str-5
                  | Int+5}
  5361 | D:8      | Identified the +3 buckler of Leapfrog {Dex+2}
  5443 | D:8      | Found a transporter.
  5445 | D:8      | Found a transporter.
  5749 | D:8      | Reached skill level 1 in Shapeshifting
  5940 | D:8      | Noticed Joseph
  5958 | D:8      | Killed Joseph
  6278 | D:8      | Reached skill level 5 in Shapeshifting
  6440 | D:9      | Noticed a two-headed ogre
  6458 | D:9      | Killed a two-headed ogre
  6852 | D:9      | Reached XP level 11. HP: 48/90 MP: 11/11
  7096 | D:9      | Found a runed translucent gate.
  7096 | D:9      | Found a runed translucent gate.
  7143 | D:9      | Found a staircase to the Lair.
  7156 | D:9      | Reached skill level 10 in Shapeshifting
  7200 | D:9      | Found a runed translucent gate.
  7201 | D:9      | Noticed a green ugly thing
  7201 | D:9      | Noticed a purple ugly thing
  7201 | D:9      | Noticed a glowing orange brain
  7201 | D:9      | Noticed a brown ugly thing
  7202 | D:9      | Noticed a purple ugly thing
  7251 | D:9      | You are sucked into a shaft and drop 1 floor!
  7251 | D:10     | Entered Level 10 of the Dungeon
  8205 | D:10     | Found an iron altar of Okawaru.
  8246 | D:10     | Bought an encrusted demon trident for 460 gold pieces
  8246 | D:10     | Identified the +10 demon trident "Wachixya" {flame, rN+
                  | Will+} (You bought it in a shop on level 10 of the Dungeon)
  8515 | D:11     | Noticed a two-headed ogre
  8522 | D:11     | Killed a two-headed ogre
  8572 | D:11     | Noticed Psyche
  8584 | D:11     | Killed Psyche
  9327 | D:11     | Found a staircase to the Orcish Mines.
 10004 | D:8      | Killed PiratePeteNZ's ghost
 10163 | D:8      | Identified the ring of Finality {rElec rF- rCorr Int+7}
 10283 | Orc:1    | Entered Level 1 of the Orcish Mines
 10284 | Orc:1    | Noticed an orc warlord
 10399 | D:11     | Killed an orc warlord
 10481 | D:11     | Reached XP level 12. HP: 91/97 MP: 7/12
 11130 | Orc:2    | Entered Level 2 of the Orcish Mines
 11132 | Orc:2    | Noticed a two-headed ogre
 11140 | Orc:2    | Killed a two-headed ogre
 11141 | Orc:2    | Reached skill level 15 in Shapeshifting
 11165 | Orc:2    | Noticed a two-headed ogre
 11169 | Orc:2    | Killed a two-headed ogre
 11211 | Orc:2    | Found a staircase to the Elven Halls.
 11453 | Orc:2    | Reached skill level 10 in Fighting
 11453 | Orc:2    | Reached skill level 1 in Dodging
 11495 | Orc:2    | Found Erane's Armour Emporium.
 11557 | Orc:2    | Reached skill level 2 in Dodging
 11606 | Orc:2    | Reached skill level 3 in Dodging
 11704 | Orc:2    | Found a shimmering altar of Xom.
 11757 | Orc:2    | Found Ziriuc's Weapon Shop.
 11761 | Orc:2    | Reached skill level 4 in Dodging
 11977 | Orc:2    | Noticed an ettin
 11982 | Orc:2    | Killed an ettin
 11983 | Orc:2    | Reached skill level 5 in Dodging
 12068 | Orc:2    | Noticed an orc high priest
 12085 | Orc:2    | Reached skill level 6 in Dodging
 12113 | Orc:2    | Killed an orc high priest
 12125 | Orc:2    | Reached skill level 7 in Dodging
 12158 | Orc:2    | Noticed Saint Roka
 12190 | Orc:2    | Killed Saint Roka
 12191 | Orc:2    | Reached skill level 8 in Dodging
 12191 | Orc:2    | Reached XP level 13. HP: 48/108 MP: 13/13
 12365 | Orc:2    | Found Haeg's Antique Weapon Boutique.
 12383 | Orc:2    | Found Taigapn's Antique Armour Shop.
 12778 | Lair:1   | Entered Level 1 of the Lair of Beasts
 12864 | Lair:1   | Reached skill level 9 in Dodging
 12951 | Lair:1   | Noticed Jeremiah
 12955 | Lair:1   | Killed Jeremiah
 13156 | Lair:1   | Reached skill level 10 in Dodging
 13233 | Lair:1   | Identified the +3 leather armour of the Harp {Harm Will+}
 13610 | Lair:2   | Identified the +0 robe of Intuition {rPois rN+}
 13652 | Lair:2   | Reached skill level 11 in Dodging
 13671 | Lair:2   | Found a staircase to the Shoals.
 13910 | Lair:2   | Reached skill level 12 in Dodging
 13923 | Lair:2   | Reached XP level 14. HP: 120/120 MP: 14/14
 14075 | Lair:2   | Found a staircase to the Snake Pit.
 14121 | Lair:2   | Reached skill level 13 in Dodging
 14533 | Lair:3   | Reached skill level 15 in Fighting
 14628 | Lair:3   | Found a blossoming altar of Fedhas.
 14925 | Lair:3   | Reached skill level 14 in Dodging
 15225 | Lair:3   | Noticed Sonja
 15232 | Lair:3   | Killed Sonja
 15510 | Lair:4   | Bought 2 potions of mutation for 160 gold pieces
 16031 | Lair:5   | Entered Level 5 of the Lair of Beasts
 16078 | Lair:5   | Reached XP level 15. HP: 129/129 MP: 15/15
 16597 | Lair:5   | Identified the ring "Futwoss" {rN+ Will- rCorr Str+3}
 16903 | Lair:5   | Found a viscous altar of Jiyva.
 16904 | Lair:5   | Found a staircase to the Slime Pits.
 17466 | D:12     | Found Inov's Weapon Emporium.
 18099 | D:13     | Noticed Nessos
 18099 | D:13     | Noticed Urug
 18099 | D:13     | Noticed Lodul
 18099 | D:13     | Found a gate to the Vaults.
 18105 | D:12     | Killed Lodul
 18172 | D:13     | Noticed Jorgrun
 18182 | D:13     | Killed Jorgrun
 18282 | D:13     | Killed Urug
 18455 | D:13     | Killed Nessos
 18740 | D:13     | Found a runed translucent door.
 18741 | D:13     | Noticed dhlexpress's ghost (journeyman SpEn)
 18768 | D:13     | Killed dhlexpress's ghost
 18769 | D:13     | Reached XP level 16. HP: 136/136 MP: 16/16
 19060 | D:14     | Found Releely's General Store.
 19065 | D:14     | Bought a scroll of poison for 68 gold pieces
 19065 | D:14     | Bought a potion of invisibility for 136 gold pieces
 19784 | D:15     | Entered Level 15 of the Dungeon
 20168 | D:15     | Found a staircase to the Depths.
 20361 | D:15     | Identified the ring "Neadinem" {rC+ Str+2}
 20693 | Elf:1    | Entered Level 1 of the Elven Halls
 21021 | Elf:1    | Reached XP level 17. HP: 145/145 MP: 17/17
 21343 | Elf:1    | Found Guenaph's Weapon Boutique.
 21769 | Elf:1    | Got Nurruych's Compendium of Attacks
 22175 | Elf:2    | Found a runed translucent gate.
 22176 | Elf:2    | Found a runed translucent gate.
 22176 | Elf:2    | Found a runed translucent gate.
 22254 | Elf:2    | Noticed Norris
 22280 | Elf:2    | Killed Norris
 22393 | Elf:2    | Paralysed by an air elemental for 1 turns
 22870 | Elf:3    | Entered Level 3 of the Elven Halls
 23698 | Elf:3    | Noticed a deep elf blademaster
 23699 | Elf:3    | Reached XP level 18. HP: 121/158 MP: 18/18
 23700 | Elf:3    | Noticed a deep elf master archer
 23706 | Elf:3    | Killed a deep elf blademaster
 23819 | Elf:3    | Killed a deep elf master archer
 23959 | Elf:3    | Identified the +2 lajatang "Jellybane" {drain, rF- Dex+5
                  | SInv}
 23959 | Elf:3    | Identified the ring "Kacvin Saa" {rF+ Str+3 Dex+6}
 23969 | Elf:3    | Noticed an Ice Fiend
 24049 | Elf:3    | Identified the +2 pair of boots of the Slug {rN++ Dex+2}
 24065 | Elf:3    | Got the Tome of the Throng
 24083 | Elf:3    | Got the Lessons on Twisted Correspondence
 24117 | Elf:3    | Identified the staff of Famine {Drain rN+ Int+5 Stlth+
                  | Necro}
 24122 | Elf:3    | Identified the +2 quarterstaff "Beixahuh" {heavy, rElec
                  | rF++ Str+3 Int-4}
 24131 | Elf:3    | Identified the +6 rapier of Waiw {pain, rPois}
 24406 | Lair:1   | Bought the ring "Lotig" {rC+ rN++ Int+6 Dex+4} for 1033
                  | gold pieces
 24468 | Snake:1  | Entered Level 1 of the Snake Pit
 24552 | Snake:1  | Reached skill level 1 in Unarmed Combat
 25046 | Snake:1  | Reached skill level 5 in Unarmed Combat
 25863 | Snake:2  | Noticed Azrael
 25876 | Snake:2  | Killed Azrael
 26273 | Snake:2  | Reached XP level 19. HP: 156/167 MP: 19/19
 26433 | Snake:3  | Identified the serpent talisman of Angool {rCorr Int+4}
 26433 | Snake:3  | Noticed Aizul
 26438 | Snake:3  | Killed Aizul
 26439 | Snake:3  | Reached skill level 10 in Unarmed Combat
 26649 | Snake:3  | Identified the +4 scale mail "Geab" {rPois Int+4 Dex-2
                  | Stlth+}
 27046 | Snake:3  | Found Lyvvol's Tiny Tomes.
 27226 | Snake:4  | Entered Level 4 of the Snake Pit
 27771 | Snake:4  | Bought a scroll of blinking for 127 gold pieces
 27771 | Snake:4  | Bought a scroll of fog for 68 gold pieces
 27977 | Snake:4  | Noticed Vashnia
 27991 | Snake:4  | Killed Vashnia
 28218 | Snake:4  | Got a serpentine rune of Zot
 28238 | Snake:4  | Reached skill level 15 in Unarmed Combat
 28681 | Shoals:1 | Entered Level 1 of the Shoals
 28701 | Shoals:1 | Found Asaju's CLEARANCE SALE!.
 28711 | Shoals:1 | Bought a scroll of poison for 12 gold pieces
 28711 | Shoals:1 | Bought a potion of curing for 9 gold pieces
 28711 | Shoals:1 | Bought a scroll of poison for 12 gold pieces
 29234 | Shoals:3 | Reached XP level 20. HP: 174/174 MP: 20/20
 29618 | Shoals:3 | Found Maohost's Weapon Emporium.
 29700 | Shoals:3 | Reached skill level 15 in Dodging
 29723 | Shoals:3 | Found a transporter.
 29725 | Shoals:3 | Found a transporter.
 29727 | Shoals:3 | Noticed Alixiyti's ghost (journeyman HOFi)
 29942 | Shoals:3 | Killed Alixiyti's ghost
 29957 | Shoals:3 | Reached skill level 16 in Dodging
 30100 | Shoals:3 | Identified the ring "Bueck" {rC+ rCorr}
 30114 | Shoals:4 | Entered Level 4 of the Shoals
 30408 | Shoals:4 | Reached skill level 17 in Dodging
 30867 | Shoals:4 | Got a barnacled rune of Zot
 31138 | Vaults:1 | Entered Level 1 of the Vaults
 31277 | Vaults:1 | Reached skill level 18 in Dodging
 31313 | Vaults:1 | Found a crumbling gateway.
 31326 | Vaults:1 | Noticed Zenata
 31336 | Vaults:1 | Killed Zenata
 31451 | Desolati | Entered the Desolation of Salt
 31648 | Desolati | Identified the ring of Calus {MP+9 Str+3 SInv}
 31803 | Desolati | Got the Octavo of the Doomed Oath
 31806 | Desolati | Identified the +0 war axe of the Desolation of Salt
                  | {distort, +Blink Int+3}
 31844 | Desolati | Reached skill level 19 in Dodging
 32166 | Desolati | Reached skill level 20 in Dodging
 32176 | Desolati | Found the +6 shillelagh "Devastator" {shatter}
 32195 | Desolati | Identified the amulet of Zoetomn {RegenMP rPois rF++ Dex+5}
 32350 | Desolati | Got the Almanac of Convocation
 32481 | Desolati | Reached XP level 21. HP: 170/181 MP: 21/21
 32515 | Desolati | Found the +8 orange crystal plate armour {Archmagi, Int+3
                  | Clar}
 32528 | Desolati | Got the Opusculum on the Ground and Misfortune
 32530 | Desolati | Identified the +1 leather armour of the Stars {+Inv rElec}
 32534 | Desolati | Identified the +1 leather armour "Nyuske" {*Corrode rPois
                  | Regen+ Slay+6}
 32645 | Desolati | Reached skill level 21 in Dodging
 33174 | Vaults:3 | Found Ecumin's General Store.
 33182 | Vaults:3 | Bought a potion of heal wounds for 55 gold pieces
 33206 | Vaults:3 | Found a staircase to the Crypt.
 33206 | Vaults:3 | Found a basalt altar of Yredelemnul.
 33206 | Vaults:3 | Found an ancient bone altar of Kikubaaqudgha.
 33287 | Vaults:3 | Reached skill level 22 in Dodging
 33526 | Vaults:4 | You are sucked into a shaft and drop 1 floor!
 33526 | Vaults:5 | Entered Level 5 of the Vaults
 33554 | Vaults:5 | Reached skill level 23 in Dodging
 34003 | Vaults:5 | Reached skill level 24 in Dodging
 34161 | Vaults:5 | Noticed a golden dragon
 34167 | Vaults:5 | Killed a golden dragon
 34232 | Vaults:5 | Found Cuxtaras's Magic Scroll Boutique.
 34242 | Vaults:5 | Bought a scroll of blinking for 135 gold pieces
 34242 | Vaults:5 | Bought a scroll of butterflies for 72 gold pieces
 34245 | Vaults:5 | Got a silver rune of Zot
 34495 | Vaults:5 | Noticed a dread lich
 34502 | Vaults:5 | Killed a dread lich
 34693 | Vaults:5 | Reached XP level 22. HP: 157/188 MP: 22/22
 34856 | Vaults:4 | Reached skill level 25 in Dodging
 35493 | Depths:1 | Entered Level 1 of the Depths
 35493 | Depths:1 | Found a shimmering altar of Xom.
 35498 | Depths:1 | Reached skill level 26 in Dodging
 36024 | Depths:3 | Found a one-way gate to the infinite horrors of the Abyss.
 36032 | Depths:3 | Found a one-way gateway to a ziggurat.
 36034 | Depths:3 | Found a gateway to Hell.
 36042 | Depths:3 | Found a shimmering blue altar of Sif Muna.
 36042 | Depths:3 | Found a hide-covered altar of Uskayaw.
 36043 | Depths:3 | Found a bloodstained altar of Trog.
 36101 | Depths:4 | Entered Level 4 of the Depths
 36150 | Depths:4 | Identified the ring "Ihezen" {Ice Will++ rCorr Str+2 Int+3}
 36150 | Depths:4 | Noticed Josephina
 36165 | Depths:4 | Killed Josephina
 36571 | Depths:4 | Reached XP level 23. HP: 143/196 MP: 10/23
 36825 | Depths:4 | Found a gate to the Realm of Zot.
 36832 | Zot:1    | Entered Level 1 of the Realm of Zot
 36945 | Zot:1    | Noticed an orb of fire
 36948 | Zot:1    | Gained mutation: You are weak. (Str -2) [an orb of fire]
 36958 | Zot:1    | Gained mutation: Armour fits poorly on your strangely
                  | shaped body. [an orb of fire]
 36966 | Zot:1    | Killed an orb of fire
 37237 | Zot:2    | Noticed a curse toe
 37259 | Zot:2    | Killed a curse toe
 37426 | Zot:4    | Noticed a Killer Klown
 37428 | Zot:4    | Noticed a Killer Klown
 37428 | Zot:4    | Noticed a Killer Klown
 37440 | Zot:4    | Noticed a Killer Klown
 37444 | Zot:4    | Killed a Killer Klown
 38010 | Zot:4    | Noticed a golden dragon
 38015 | Zot:4    | Killed a golden dragon
 38041 | Zot:5    | Entered Level 5 of the Realm of Zot
 38045 | Zot:5    | Found a transporter.
 38073 | Zot:5    | Noticed a golden dragon
 38081 | Zot:5    | Killed a golden dragon
 38246 | Zot:5    | Noticed a Killer Klown
 38247 | Zot:5    | Noticed a curse toe
 38247 | Zot:5    | Noticed a Killer Klown
 38249 | Zot:5    | Noticed a Killer Klown
 38250 | Zot:5    | Killed a curse toe
 38253 | Zot:5    | Killed a Killer Klown
 38267 | Zot:5    | Noticed an orb of fire
 38269 | Zot:5    | Noticed a golden dragon
 38270 | Zot:5    | Killed a Killer Klown
 38272 | Zot:5    | Noticed a Killer Klown
 38281 | Zot:5    | Killed a golden dragon
 38281 | Zot:5    | Noticed a curse toe
 38286 | Zot:5    | Gained mutation: Your magical capacity is low. (-10% MP)
                  | [an orb of fire]
 38289 | Zot:5    | Killed an orb of fire
 38291 | Zot:5    | Noticed an orb of fire
 38296 | Zot:5    | Noticed an orb of fire
 38297 | Zot:5    | Killed a curse toe
 38297 | Zot:5    | Gained mutation: You are clumsy. (Dex -2) [an orb of fire]
 38298 | Zot:5    | Killed a Killer Klown
 38313 | Zot:5    | Killed an orb of fire
 38323 | Zot:5    | Got the Orb of Zot
 38338 | Zot:5    | Noticed an orb of fire
 38340 | Zot:5    | Noticed an ancient lich
 38340 | Zot:5    | Noticed a Killer Klown
 38340 | Zot:5    | Noticed a Killer Klown
 38340 | Zot:5    | Noticed an orb of fire
 38341 | Zot:5    | Noticed a Killer Klown
 38341 | Zot:5    | Noticed a Killer Klown
 38342 | Zot:5    | Noticed a Killer Klown
 38349 | Zot:5    | Reached XP level 24. HP: 166/208 MP: 20/20
 38352 | Zot:5    | Killed a Killer Klown
 38358 | Zot:5    | Killed a Killer Klown
 38363 | Zot:5    | Killed a Killer Klown
 38365 | Zot:5    | Killed a Killer Klown
 38395 | Zot:5    | Noticed Leavvist the pandemonium lord
 38483 | Zot:1    | Noticed Cefrura the pandemonium lord
 38526 | Depths:3 | Found the +0 mask of the Dragon {Will+ Slay+3 SInv}
 38827 | D:8      | Noticed Ybutugul the pandemonium lord
 38843 | D:8      | Killed Ybutugul the pandemonium lord
 39032 | D:$      | Escaped with the Orb!

Illustrated notes

Levels and vault maps discovered:
D:1:      dpeg_arrival_castle, layout_basic
D:2:      layout_loops_cross
D:3:      layout_basic, ebering_ghost_sewer_d, minmay_rat_hole, uniq_terence
D:4:      layout_basic, mainiacjoe_sewer_entry_somewhere_in_here_1,
          minmay_shop_enchanted_jewellery, uniq_sigmund
D:5:      layout_basic, serial_glass, glass_columns_a, glass_columns_b,
          glass_columns_a, glass_columns_b, glass_columns_a, glass_columns_a
D:6:      layout_cave_pools, mainiacjoe_overflow_alcove_2,
          nicolae_overflow_hidden_temple, serial_rivers,
          chequers_serial_rivers_small_a, chequers_serial_rivers_small_a,
          chequers_serial_rivers_micro_c, chequers_serial_rivers_small_a,
          chequers_serial_rivers_micro_d, uniq_duvessa, uniq_pikel
D:7:      layout_basic, mainiacjoe_overflow_brackets, minmay_temple_entry_trees
D:8:      layout_loops_ring, serial_glass, glass_columns_b, glass_columns_b,
          gammafunk_ghost_gnarly_gnolls, lightli_orcish_oven, uniq_joseph
D:9:      layout_basic, grunt_lair_entry_orc_guard_hut,
          ploomutoo_gammafunk_ghost_potion_laboratory
D:10:     layout_basic, lemuel_round_altar, hangedman_decor_lopped
D:11:     layout_irregular_city, david_orc_4, uniq_psyche
D:12:     layout_cave_pools, special_room [special_room_orc], serial_shops,
          shop, kennysheep_generic_room_11
D:13:     layout_cave_pools, david_vaults_3, gammafunk_ghost_grave, uniq_jorgrun
D:14:     fort_yaktaur, layout_basic, serial_shops, nicolae_shop_hallway_plus,
          minmay_misc_feat_square
D:15:     grunt_enter_depths_hoard, layout_small_grid
Temple:   regret_index_temple_waves
Lair:1:   layout_chaotic_city, nzn_random_ring, serial_bayou_shore_b,
          uniq_jeremiah
Lair:2:   layout_roguey, nicolae_shoals_entry_flooding,
          guppyfry_snake_entry_island, hangedman_lair_generics_rect
Lair:3:   layout_small_grid, basic_altar, serial_bayou_lagoon_b,
          grunt_megastairs_5, uniq_sonja, uniq_urug
Lair:4:   layout_loops_ring
Lair:5:   minmay_lair_end_enchanted_forest, layout_cave_pods,
          dpeg_slime_entry_corner, chequers_serial_rivers_micro_d
Shoals:1: layout_shoals, nicolae_shoals_lost_giant_baths, nicolae_shop_clearance
Shoals:2: layout_shoals
Shoals:3: layout_shoals, serial_shops, nicolae_square_shop,
          ebering_ghost_davey_jones, st_sunken_temple
Shoals:4: shoals_end_simple, layout_shoals, nicolae_shoals_square_sea_wall
Snake:1:  layout_onion, portal_ice_cave_entry_pillars_four, grunt_megastairs_4
Snake:2:  layout_chambers, uniq_azrael
Snake:3:  layout_chambers, serial_shops, shop,
          nicolae_shop_i_like_small_books_too, guppyfry_snake_island,
          grunt_megastairs_3, uniq_aizul
Snake:4:  johnstein_snake_rune_scales, layout_layer_cave, lemuel_fruit_tree
Orc:1:    layout_diamond_mine, mines2_david
Orc:2:    grunt_orc_community_town_hall, layout_diamond_mine,
          grunt_orc_community_big_house_1, grunt_orc_community_big_house_2,
          grunt_orc_community_house_2, grunt_orc_community_house_1,
          grunt_orc_community_house_2, grunt_orc_community_house_1,
          grunt_orc_community_house_1, grunt_orc_community_house_2, basic_altar,
          roderic_batcave
Elf:1:    elf_arrival_002, layout_geoelf_diagonals, serial_shops,
          nicolae_shop_bloodbath_and_beyond, minmay_elf_sorcery,
          grunt_megastairs_2
Elf:2:    nicolae_elf_blades_crystal_corner, layout_gridlike, uniq_norris
Elf:3:    minmay_elf_hall_x, layout_geoelf_castle, grunt_ministairs_2,
          nicolae_elf_w_pinch
Vaults:1: portal_desolation_entry_nicolae_slug, hangedman_vaults_stagger,
          ontoclasm_vaults_eye, kb_rosetta, nicolae_vaults_storage_room_doors,
          ontoclasm_vaults_idyll, grunt_vaults_hallway_short,
          nicolae_vaults_tetromino_L_1, layout_vaults_omnibox, uniq_zenata
Vaults:2: nicolae_vaults_ninety_degrees, v_misc_30,
          nicolae_vaults_more_shelving_2, v_misc_30,
          nicolae_vaults_tetromino_T_2, nicolae_vaults_closet_pinwheel_6,
          nicolae_vaults_shelves_hall, dpeg_vaults_monster_box,
          vaults_dpeg_emergency_exit, ontoclasm_vaults_claustrophobia,
          layout_vaults_big_room
Vaults:3: v_misc_30, vaults_dpeg_spiral, nicolae_vaults_what_the_h,
          nicolae_vaults_ring_of_whatevers, minmay_crypt_entry_necro_gods,
          nicolae_vaults_stairing_the_circle, vaults_room_mumra_shop_pool,
          v_misc_4, nicolae_vaults_rhombus_6, nicolae_vaults_rhombus_5,
          nicolae_vaults_trapezoid_2, nicolae_vaults_network_quinsquares
          [nicolae_vaults_network_quincunx_subvault,
          nicolae_vaults_network_quincunx_subvault,
          nicolae_vaults_network_quincunx_subvault,
          nicolae_vaults_network_quincunx_subvault], ontoclasm_vaults_idyll,
          nicolae_vaults_trapezoid_lopsided_3, layout_vaults_ring, serial_shops,
          nicolae_book_shop_shelving
Vaults:4: nicolae_vaults_meiosis, serial_library_hellmonk_open_cross,
          vaults_room_fours, hangedman_vaults_nodes, vaults_mumra_lcd,
          vaults_dpeg_ring, nicolae_vaults_mitosis, dpeg_vaults_monster_row,
          nicolae_vaults_trapezoid_lopsided_2, grunt_vaults_focal,
          nicolae_vaults_sealed_display, layout_vaults_maze, serial_shops,
          nicolae_shop_crystal, nicolae_shop_hallway_stairs, shop
Vaults:5: serial_shops
Depths:1: layout_gridville, hellmouth_3, serial_sigils,
          serial_sigils_hangedman_leer, serial_sigils_hangedman_gut,
          serial_sigils_hangedman_scar, serial_sigils_hangedman_gnaw,
          xom_confusion_cloud
Depths:2: evilmike_silver_temple, layout_long_grid, abyss_entry,
          pf_hell_entry_tar_river, elyvilon_altar_5, rand_demon_pan_entry_3
Depths:3: hangedman_slaughterboxes, abyss_entry, hell_entry
Depths:4: evilmike_zot_entry_basic, layout_basic, abyss_entry,
          wad_floor_pattern_untrapped, grunt_hell_entry_dis_grunt,
          uniq_josephina, uniq_mennas
Zot:1:    layout_onion_interference
Zot:2:    layout_onion_interference
Zot:3:    layout_cellular_growth, nicolae_zot_crop_circle
Zot:4:    ebering_greatest_show_in_zot, layout_concentric_octagons
Zot:5:    layout_misc_corridors, nicolae_transporter_intersection

Skill      XL: |  1  2  3  4  5  6  7  8  9 10 11 12 13 14 15 16 17 18 19 20 21 22 23 24 |
---------------+-------------------------------------------------------------------------+-----
Polearms       | 3 4 6 7 10 12 14 15 17 19 20 | 20.8
Fighting       | 4 5 6 8 9 12 14 15 16 18 19 20 21 | 21.8
Shapeshifting  | 8 14 16 18 21 23 | 23.2
Dodging        | 8 12 14 20 24 26 | 26.9
Unarmed Combat | 9 15 17 20 21 | 21.5
Armour         | |  2.1
Shields        | |  3.0

Action                     |  1- 3 |  4- 6 |  7- 9 | 10-12 | 13-15 | 16-18 | 19-21 | 22-24 || total
---------------------------+-------+-------+-------+-------+-------+-------+-------+-------++-------
  Melee: Trident           |   104 |   140 |   400 |   393 |       |       |       |       ||  1037
         Spear             |       |    40 |       |       |       |       |       |       ||    40
         Demon trident     |       |       |       |   417 |   898 |   949 |       |       ||  2264
         Tailslap          |       |       |       |       |     1 |     4 |       |       ||     5
         Unarmed           |       |       |       |       |       |    99 |   833 |   620 ||  1552
         Punch             |       |       |       |       |       |    10 |    72 |    93 ||   175
  Throw: Dart              |       |       |     1 |     1 |       |       |       |       ||     2
         Throwing net      |       |       |       |     1 |       |       |       |       ||     1
 Invoke: Call Merchant     |       |       |       |     1 |     3 |     1 |     1 |       ||     6
         Potion Petition   |       |       |       |     1 |       |       |       |     3 ||     4
         Bribe Branch      |       |       |       |       |       |       |     1 |     2 ||     3
Ability: Blinkbolt         |       |       |       |       |       |    12 |    65 |    13 ||    90
  Evoke: Wand              |       |       |     1 |     3 |     5 |     2 |     1 |       ||    12
         Condenser vane    |       |       |       |     2 |     1 |     1 |       |       ||     4
         Box of beasts     |       |       |       |       |       |     1 |       |       ||     1
    Use: Scroll            |       |    11 |     4 |     4 |     5 |     4 |     2 |     9 ||    39
         Potion            |       |     3 |     1 |     8 |       |     2 |       |     8 ||    22
   Stab: Invisible         |       |     2 |       |       |       |     2 |       |       ||     4
         Held in net/web   |       |       |       |     3 |       |       |       |     1 ||     4
         Distracted        |       |       |       |     5 |    10 |     5 |    19 |    13 ||    52
         Confused          |       |       |       |     1 |       |       |       |       ||     1
         Sleeping          |       |       |       |     1 |     4 |     4 |     3 |       ||    12
 Armour: Scale mail        |    48 |    90 |   145 |       |       |       |       |       ||   283
         Steam dragon scal |       |       |     1 |   213 |       |       |       |       ||   214
         Skin              |       |       |       |    61 |   321 |   468 |   179 |   157 ||  1186
  Dodge: Dodged            |    31 |    69 |    97 |   276 |   719 |   913 |   873 |   775 ||  3753
         Repelled          |       |       |       |       |     4 |    36 |       |       ||    40
  Block: Buckler           |    18 |    29 |    59 |   134 |   297 |   295 |       |       ||   832
   Form: Statue            |       |       |       |     1 |       |       |       |       ||     1
         Storm             |       |       |       |       |       |     1 |       |       ||     1

Table legend: (Time is in decaauts)
 A = Elapsed time spent in this place.
 B = Non-inter-level travel time spent in this place.
 C = Inter-level travel time spent in this place.
 D = Time resting spent in this place.
 E = Time spent auto-exploring this place.
 F = Levels seen in this place.
 G = Mean time per level.
                   A        B        C        D        E       F      G
               +--------+--------+--------+--------+--------+-----+--------+
         Total |  44319 |  40076 |   4243 |    611 |  30762 |  50 |  886.4 |
       Dungeon |  15410 |  13639 |   1771 |    246 |  10475 |  15 | 1027.3 |
        Temple |     14 |      2 |     12 |      0 |      0 |   1 |   14.0 |
          Lair |   6651 |   6153 |    498 |      0 |   4929 |   5 | 1330.2 |
        Shoals |   2233 |   1983 |    250 |      8 |   1567 |   4 |  558.2 |
     Snake Pit |   4517 |   4301 |    216 |      7 |   3504 |   4 | 1129.2 |
  Orcish Mines |   3145 |   2961 |    184 |      4 |   2478 |   2 | 1572.5 |
   Elven Halls |   5107 |   4709 |    398 |    151 |   3481 |   3 | 1702.3 |
        Vaults |   2967 |   2642 |    325 |    130 |   1931 |   5 |  593.4 |
        Depths |   1382 |   1105 |    277 |      0 |    720 |   4 |  345.5 |
           Zot |   1577 |   1269 |    308 |     63 |    815 |   5 |  315.4 |
         Sewer |    123 |    123 |      0 |      0 |     63 |   1 |  123.0 |
    Desolation |   1188 |   1188 |      0 |      0 |    795 |   1 | 1188.0 |
               +--------+--------+--------+--------+--------+-----+--------+

Top non-repeatable levels by time:
   Orc:2: 2270 daAuts
   Elf:1: 1984 daAuts
   Elf:3: 1972 daAuts
    D:11: 1880 daAuts
  Lair:5: 1671 daAuts
  Lair:2: 1533 daAuts
 Snake:1: 1474 daAuts
    D:14: 1378 daAuts
  Lair:3: 1278 daAuts
Vaults:5: 1275 daAuts
     D:9: 1271 daAuts
     D:8: 1260 daAuts
 Snake:4: 1255 daAuts
    D:15: 1211 daAuts
Desolation: 1188 daAuts
